 Dungeon Sprint DCSS version 0.30-a0-672-gc3a7216ad8 (webtiles) character file.

Game seed: 6569039579090948610

95 rocky1 the Shooter (level 4, 37/37 HPs)
             Began as a Gnoll Wanderer on Jan 19, 2023.
             Was an Initiate of Cheibriados.
             Quit the game in the Dungeon (Sprint VII: "The Pits").
             The game lasted 00:01:11 (125 turns).

rocky1 the Shooter (Gnoll Wanderer)                  Turns: 125, Time: 00:01:11

Health: 37/37      AC:  3    Str:  8    XL:     4   Next: 66%
Magic:  11/11      EV: 13    Int: 17    God:    Cheibriados [......]
Gold:   0          SH:  0    Dex: 14    Spells: 13/14 levels left

rFire   . . .      SeeInvis .    a - +2 sling
rCold   . . .      Faith    .    (no shield)
rNeg    . . .      Spirit   .    d - +0 robe
rPois   .          Reflect  .    (no helmet)
rElec   .          Harm     .    b - +0 cloak
rCorr   .          Rampage  .    (no gloves)
Will    .....      NoTele   +    (no boots)
Stlth   ++                       (no amulet)
HPRegen 0.26/turn                (no ring)
MPRegen 0.12/turn                (no ring)

@: slow
A: fangs 1, strong nose, distributed training
a: Renounce Religion


You were in the Dungeon.
You worshipped Cheibriados.
Cheibriados was noncommittal.
You visited 1 branch

Inventory:

Hand Weapons
 a - a +2 sling (weapon)
Armour
 b - a +0 cloak (worn)
 d - a +0 robe (worn)
Scrolls
 c - a scroll of teleportation
 j - a scroll of blinking
 l - 5 scrolls of amnesia
 m - a scroll of butterflies
Potions
 e - a potion of curing
 f - a potion of heal wounds
 g - a potion of haste
 h - 4 potions of magic
 i - 3 potions of berserk rage
 k - 2 potions of invisibility


   Skills:
 + Level 4.0 Fighting
 + Level 3.0 Short Blades
 + Level 3.0 Long Blades
 + Level 3.0 Axes
 + Level 3.0 Maces & Flails
 + Level 3.0 Polearms
 + Level 3.0 Staves
 + Level 7.2 Ranged Weapons
 + Level 3.0 Throwing
 + Level 3.0 Armour
 + Level 4.0 Dodging
 + Level 3.8 Stealth
 + Level 3.0 Shields
 + Level 3.0 Unarmed Combat
 + Level 5.9 Spellcasting
 + Level 2.4 Conjurations
 + Level 2.4 Hexes
 + Level 2.4 Summonings
 + Level 2.4 Necromancy
 + Level 2.4 Translocations
 + Level 2.4 Transmutations
 + Level 3.3 Fire Magic
 + Level 2.4 Ice Magic
 + Level 2.4 Air Magic
 + Level 2.4 Earth Magic
 + Level 2.4 Poison Magic
 + Level 3.3 Invocations
 + Level 4.0 Evocations


You had 13 spell levels left.
You knew the following spells:

 Your Spells              Type           Power      Damage    Failure   Level
a - Foxfire               Conj/Fire      56%        2x1d6     4%          1

Your spell library contained the following spells:

 Spells                   Type           Power      Damage    Failure   Level
 Ignite Poison            Fire/Tmut/Pois 14%        N/A       13%         3


Dungeon Overview and Level Annotations

Branches:
Dungeon (1/1)

Altars:
Ashenzari
Cheibriados
Dithmenos
Elyvilon
Fedhas
Gozag
Hepliaklqana
Kikubaaqudgha
Makhleb
Nemelex Xobeh
Okawaru
Qazlal
Ru
Sif Muna
Trog
Uskayaw
Vehumet
Wu Jian
Xom
Yredelemnul
Zin
The Shining One
Jiyva
Lugonu


Innate Abilities, Weirdness & Mutations

You have very sharp teeth.
Your uncanny sense of smell can sniff out nearby items.
Your experience applies equally to all skills.


Message History

You kneel at the altar of Cheibriados.
Unknown command.
Press < or > to pray at altars.
You kneel at the altar of Cheibriados.
Cheibriados welcomes you!
Cheibriados begins to support your attributes as your movement slows.
Cheibriados is now slowing the effects of poison on you.
Unknown command.
Press < or > to pray at altars.
Unknown command.
Press < or > to pray at altars.
There is a shadowy altar of Dithmenos here.
There is a white marble altar of Elyvilon here.
There is a blossoming altar of Fedhas here.
There is an opulent altar of Gozag here.
There is a hazy altar of Hepliaklqana here.
There is a bloodstained altar of Trog here.
There is an open door to the Temple (Safe) here.
You open the door.
Found a +2 mace, a +2 falchion of draining and a +2 quarterstaff.
There is an open door here.
Things that are here:
a +2 mace; a +2 hand axe
Things that are here:
a +2 falchion of draining; a +2 dagger
Things that are here:
a +2 quarterstaff; a +2 trident You open the door.
Found 2 potions of magic, 10 stones and 2 scrolls of vulnerability.
There is an open door here.
h - 4 potions of magic (gained 2)
i - 3 potions of berserk rage (gained 2)
k - 2 potions of invisibility You see here 10 stones.
l - 5 scrolls of amnesia;
m - a scroll of butterflies You see here 2 scrolls of vulnerability.
You see here 10 stones.
Are you sure you want to abandon this character and quit the game? (Confirm with "yes".)
Okay, then.
Are you sure you want to abandon this character and quit the game? (Confirm with "yes".)

∆∆∆∆∆∆∆ ∆∆∆∆∆∆∆
############
#_________.#
#_________.#
#_______...##########
##########'##........
#.?(@')))'.##......#.
##########.##........
...........'........
+#####+#####......#.
#........ ####'####
#.......# #.......#
#.......#


There were no monsters in sight!

Vanquished Creatures
  A floating eye (D)
1 creature vanquished.

Vanquished Creatures (others)
  6 foxfires (D)
6 creatures vanquished.

Grand Total: 7 creatures vanquished

Notes
Turn   | Place    | Note
-------+----------+-------------------------------------------
     0 | D        | rocky1 the Gnoll Wanderer began the quest for the Orb.
     0 | D        | rocky1 set off with the following items: a +2 sling, a +0
                  | cloak, a scroll of teleportation, a +0 robe, a potion of
                  | curing, a potion of heal wounds, a potion of haste, 2
                  | potions of magic, a potion of berserk rage, a scroll of
                  | blinking; and the following spell memorised: Foxfire; and
                  | the following spells available to memorise: Ignite Poison.
     0 | D        | Reached XP level 1. HP: 17/17 MP: 6/6
    11 | D        | Noticed a floating eye
    15 | D        | Paralysed by a floating eye for 2 turns
    16 | D        | Killed a floating eye
    17 | D        | Reached skill level 7 in Ranged Weapons
    17 | D        | Reached skill level 5 in Spellcasting
    17 | D        | Reached XP level 2. HP: 25/25 MP: 3/8
    17 | D        | Reached XP level 3. HP: 30/30 MP: 3/10
    17 | D        | Reached XP level 4. HP: 37/37 MP: 3/11
    90 | D        | Found a bloodstained altar of Trog.
    90 | D        | Found a shimmering blue altar of Sif Muna.
    90 | D        | Found a viscous altar of Jiyva.
    90 | D        | Found a hazy altar of Hepliaklqana.
    90 | D        | Found an opulent altar of Gozag.
    91 | D        | Found a glowing golden altar of the Shining One.
    91 | D        | Found a glowing silver altar of Zin.
    91 | D        | Found a basalt altar of Yredelemnul.
    91 | D        | Found a shimmering altar of Xom.
    91 | D        | Found an ornate altar of the Wu Jian Council.
    91 | D        | Found a sacrificial altar of Ru.
    91 | D        | Found a stormy altar of Qazlal.
    91 | D        | Found an iron altar of Okawaru.
    91 | D        | Found a sparkling altar of Nemelex Xobeh.
    91 | D        | Found a burning altar of Makhleb.
    91 | D        | Found a blossoming altar of Fedhas.
    91 | D        | Found a white marble altar of Elyvilon.
    91 | D        | Found a shadowy altar of Dithmenos.
    91 | D        | Found a snail-covered altar of Cheibriados.
    95 | D        | Found a corrupted altar of Lugonu.
    95 | D        | Found a radiant altar of Vehumet.
    96 | D        | Found a broken altar of Ashenzari.
    96 | D        | Found an ancient bone altar of Kikubaaqudgha.
    96 | D        | Found a hide-covered altar of Uskayaw.
   102 | D        | Became a worshipper of Cheibriados the Contemplative
   125 | D        | Quit the game

Illustrated notes

Levels and vault maps discovered:
D:        pitsprint [storerooms_1, entrance_room_1, metal_vault_1, armoury_1,
          mini_pit_1, grid_room_1, main_hall_1, silver_pit, the_coven_1,
          the_vestibule_1, steel_vault_3, golden_pit, hallway_of_sentries,
          crystal_vault_2, iron_vault_3, final_vault]

Skill      XL: |  1 |
---------------+----+-----
Fighting       | 4 |  4.0
Short Blades   | 3 |  3.0
Long Blades    | 3 |  3.0
Axes           | 3 |  3.0
Maces & Flails | 3 |  3.0
Polearms       | 3 |  3.0
Staves         | 3 |  3.0
Ranged Weapons | 7 |  7.2
Throwing       | 3 |  3.0
Armour         | 3 |  3.0
Dodging        | 4 |  4.0
Stealth        | 3 |  3.8
Shields        | 3 |  3.0
Unarmed Combat | 3 |  3.0
Spellcasting   | 5 |  5.9
Conjurations   | 2 |  2.4
Hexes          | 2 |  2.4
Summonings     | 2 |  2.4
Necromancy     | 2 |  2.4
Translocations | 2 |  2.4
Transmutations | 2 |  2.4
Fire Magic     | 3 |  3.3
Ice Magic      | 2 |  2.4
Air Magic      | 2 |  2.4
Earth Magic    | 2 |  2.4
Poison Magic   | 2 |  2.4
Invocations    | 3 |  3.3
Evocations     | 4 |  4.0

Action                   |  1- 3 |  4- 6 || total
-------------------------+-------+-------++-------
 Cast: Foxfire           |     3 |       ||     3

Table legend: (Time is in decaauts)
 A = Elapsed time spent in this place.
 B = Non-inter-level travel time spent in this place.
 C = Inter-level travel time spent in this place.
 D = Time resting spent in this place.
 E = Time spent auto-exploring this place.
 F = Levels seen in this place.
 G = Mean time per level.
                   A        B        C        D        E       F      G
               +--------+--------+--------+--------+--------+-----+--------+
         Total |    130 |    130 |      0 |     63 |      0 |   1 |  130.0 |
       Dungeon |    130 |    130 |      0 |     63 |      0 |   1 |  130.0 |
               +--------+--------+--------+--------+--------+-----+--------+

Top non-repeatable levels by time:
       D: 130 daAuts
